 Dungeon Crawl Stone Soup version 0.31-a0-1074-g0b22e4e0f1 (webtiles) character file.

Game seed: 2496751911556745531

31 sammy202020 the Shield-Bearer (level 3, 0/23 HPs)
             Began as a Gargoyle Fighter on Nov 26, 2023.
             Slain by a gnoll
             ... wielding a +0 halberd
              (10 damage)
             ... on level 2 of the Dungeon.
             The game lasted 00:01:21 (932 turns).

sammy202020 the Shield-Bearer (Gargoyle Fighter)     Turns: 932, Time: 00:01:21

Health: 0/23       AC: 14    Str: 19    XL:     3   Next: 22%
Magic:  3/3        EV:  9    Int: 10    God:
Gold:   72         SH:  4    Dex:  9    Spells: 2/2 levels left

rFire   . . .        a - +0 flail
rCold   . . .        c - +0 buckler
rNeg    + . .        b - +0 scale mail
rPois   ∞            f - +0 helmet
rElec   +            (no cloak)
rCorr   .            (no gloves)
SInv    .            i - +2 pair of boots
Will    .....        (no amulet) Stlth
                     (no ring)
HPRegen 0.23/turn    (no ring)
MPRegen 0.08/turn

%: no passive effects
@: no status effects
A: sickness immunity, AC +3, negative energy resistance 1, electricity
resistance, torment resistance 1, petrification resistance
a: no special abilities


You were on level 2 of the Dungeon.
You visited 1 branch of the dungeon, and saw 2 of its levels.

You collected 72 gold pieces.

Inventory:

Hand Weapons
 a - a +0 flail (weapon)
Armour
 b - a +0 scale mail (worn)
 c - a +0 buckler (worn)
 f - a +0 helmet (worn)
 i - a +2 pair of boots (worn)


   Skills:
 * Level 3.6 Fighting
 * Level 2.4 Maces & Flails
 * Level 3.6 Armour
 + Level 0.4 Dodging
 * Level 3.6 Shields


You had 2 spell levels left.
You didn't know any spells.
Your spell library was empty.

Dungeon Overview and Level Annotations

Branches:
Dungeon (2/15)

Altars:


Innate Abilities, Weirdness & Mutations

You are immune to sickness and miasma.
Your stone body is resilient. (AC +3)
You are immune to poison.
You resist negative energy. (rN+)
You are resistant to electric shocks. (rElec)
You are resistant to unholy torment.
You are immune to petrification.


Message History

You block the gnoll's attack.
You closely miss the gnoll.
The gnoll is heavily wounded.
The gnoll hits you from afar with a +0 halberd.
You block the gnoll's attack.
You hit the gnoll.
You kill the gnoll!
The gnoll hits you but does no damage.
You have reached level 3!
Your experience leads to an increase in your attributes!
Increase (S)trength, (I)ntelligence, or (D)exterity?
You feel clever. x2
You are confused.
You feel invigorated. The gnoll hits you but does no damage.
The gnoll closely misses you.
You bump into the rock wall.
The gnoll closely misses you. The gnoll barely misses you. x2
You bump into the rock wall.
The gnoll hits you but does no damage. The gnoll barely misses you.
You're too confused to move!
The gnoll barely misses you. The gnoll hits you but does no damage.
You bump into the rock wall.
The gnoll hits you from afar with a +0 halberd.
The gnoll hits you with a +0 halberd!
You closely miss the gnoll. The gnoll hits you but does no damage.
The gnoll hits you with a +0 halberd.
The gnoll hits you from afar with a +0 halberd!
* * * LOW HITPOINT WARNING * * *
You bump into the rock wall.
You feel less invigorated.
You feel less confused. You block the gnoll's attack.
The gnoll hits you from afar with a +0 halberd.
You completely miss the gnoll. The gnoll closely misses you.
You block the gnoll's attack.
You closely miss the gnoll. The gnoll barely misses you.
The gnoll closely misses you.
You hit the gnoll.
The gnoll is heavily wounded.
The gnoll hits you with a +0 halberd!
You die...

#.# #.# #
#.##+####
####.#.#g.....
#.$..#.)......
#..J# #.#g# ..
#g# .[. #@#
### #.# #.#
#.# #.# #.#
#.# #.# #.#


You could see 2 gnolls and an endoplasm.

Vanquished Creatures
  2 gnolls (D:2)
  A bat (D:1)
  2 endoplasms
  2 giant cockroaches (D:1)
  A goblin (D:1)
  2 quokkas (D:1)
  A frilled lizard (D:1)
11 creatures vanquished.

Notes
Turn   | Place    | Note
-------+----------+-------------------------------------------
     0 | D:1      | sammy202020 the Gargoyle Fighter began the quest for the
                  | Orb.
     0 | D:1      | Reached XP level 1. HP: 14/14 MP: 1/1
   306 | D:1      | Reached XP level 2. HP: 19/19 MP: 2/2
   921 | D:2      | Reached XP level 3. HP: 8/23 MP: 3/3
   932 | D:2      | Slain by a gnoll

Illustrated notes

Levels and vault maps discovered:
D:1:      elethiomel_arrival_maze, layout_loops_ring
D:2:      layout_basic, st_stairs_7, minmay_snake_closets

Action                     || total
---------------------------++-------
  Melee: Flail             ||    64
    Use: Potion            ||     8
         Scroll            ||     4
 Armour: Scale mail        ||    66
  Dodge: Dodged            ||    36
  Block: Buckler           ||    11

Table legend: (Time is in decaauts)
 A = Elapsed time spent in this place.
 B = Non-inter-level travel time spent in this place.
 C = Inter-level travel time spent in this place.
 D = Time resting spent in this place.
 E = Time spent auto-exploring this place.
 F = Levels seen in this place.
 G = Mean time per level.
                   A        B        C        D        E       F      G
               +--------+--------+--------+--------+--------+-----+--------+
         Total |    933 |    914 |     19 |      0 |    728 |   2 |  466.5 |
       Dungeon |    933 |    914 |     19 |      0 |    728 |   2 |  466.5 |
               +--------+--------+--------+--------+--------+-----+--------+

Top non-repeatable levels by time:
     D:1: 884 daAuts
     D:2: 49 daAuts
